 Dungeon Crawl Stone Soup version 0.22-a0-447-gee5f723 (webtiles) character file.

42 George the Slasher (level 3, 0/31 HPs)
             Began as a Minotaur Fighter on June 3, 2018.
             Succumbed to an adder's poison
             ... on level 2 of the Dungeon.
             The game lasted 00:00:58 (702 turns).

George the Slasher (Minotaur Fighter)                Turns: 702, Time: 00:00:58

Health: 0/31       AC:  6    Str: 21    XL:     3   Next: 35%
Magic:  2/2        EV:  7    Int: 10    God:
Gold:   27         SH:  9    Dex:  9    Spells: 2/2 levels left

rFire    . . .     SeeInvis .   a - +0 long sword
rCold    . . .     Gourm    .   c - +0 shield
rNeg     . . .     Faith    .   b - +0 scale mail
rPois    .         Spirit   .   (helmet restricted)
rElec    .         Reflect  .   (no cloak)
rCorr    .         Harm     .   (no gloves)
MR       .....                  (no boots)
Stlth    ..........             (no amulet)
HPRegen  0.10/turn              (no ring)
MPRegen  0.08/turn              (no ring)

@: brilliant, lethally poisoned (0 -> -15)
A: retaliatory headbutt, horns 2
a: no special abilities


You were on level 2 of the Dungeon.
You were not hungry.

You visited 1 branch of the dungeon, and saw 2 of its levels.

You collected 27 gold pieces.

Inventory:

Hand Weapons
 a - a +0 long sword (weapon)
Armour
 b - a +0 scale mail (worn)
 c - a +0 shield (worn)
Scrolls
 e - a scroll of immolation {unknown}
 g - a scroll of enchant weapon {unknown}
 h - a scroll of magic mapping {unknown}
 j - 3 scrolls of identify {unknown}
Potions
 d - a potion of might
Comestibles
 f - 3 rations


   Skills:
 - Level 3.6 Fighting
 + Level 4.6 Long Blades
 - Level 3.6 Armour
 - Level 3.6 Shields


You had 2 spell levels left.
You didn't know any spells.
Your spell library was empty.

Dungeon Overview and Level Annotations

Branches:
Dungeon (2/15)

Altars:


Innate Abilities, Weirdness & Mutations

You reflexively headbutt those who attack you in melee.
You have a pair of horns on your head.


Message History

You kill the kobold!
The adder bites you.
* * * LOW HITPOINT WARNING * * *
You are more poisoned.
The adder poisons you!
You closely miss the adder. Your headbutt misses the adder.
The adder is lightly wounded.
* * * LOW HITPOINT WARNING * * *
You feel sick. You block the adder's attack.
The leopard gecko bites you but does no damage.
The adder bites you but does no damage.
You barely miss the adder.
The adder is lightly wounded.
* * * LOW HITPOINT WARNING * * *
You feel sick.
The leopard gecko bites you but does no damage.
You block the adder's attack. The leopard gecko barely misses you.
You hit the adder.
You kill the adder!
You die...

#####
....
#..#
#..#
#..#
#@.#
#l†#
##r#
g..
.....
....#(.
#.....#
.##...
.# ...


You could see a leopard gecko, a quokka and a goblin.

Vanquished Creatures
  An adder (D:2)
  An ooze (D:1)
  2 dart slugs (D:1)
  2 giant cockroaches (D:1)
  A goblin (D:2)
  5 hobgoblins
  A bat (D:1)
  3 frilled lizards (D:1)
  4 kobolds
  6 rats (D:1)
26 creatures vanquished.

Notes
Turn   | Place    | Note
-------+----------+-------------------------------------------
     0 | D:1      | George the Minotaur Fighter began the quest for the Orb.
     0 | D:1      | Reached XP level 1. HP: 19/19 MP: 0/0
    83 | D:1      | Reached skill level 3 in Long Blades
    83 | D:1      | Reached XP level 2. HP: 26/26 MP: 1/1
   227 | D:1      | Reached skill level 4 in Long Blades
   633 | D:1      | Reached XP level 3. HP: 31/31 MP: 2/2
   702 | D:2      | Succumbed to an adder's poison

Vault maps used:
D:1:      onia_arrival_pyramid, corexii_leaking_fountain
D:2:      lemuel_crystal_altar, lemuel_round_altar, first_ration

Skill      XL: |  1  2 |
---------------+-------+-----
Long Blades    | 3 4 |  4.6
Fighting       | |  3.6
Armour         | |  3.6
Shields        | |  3.6

Action                   || total
-------------------------++-------
Melee: Long sword        ||    49
       Headbutt          ||    11
  Use: Potion            ||     1
Armor: Scale mail        ||    22
Dodge: Dodged            ||    15
Block: Shield            ||    32
       Rpst.: Long sword ||     4

Table legend:
 A = Spawn XP
 B = Non-spawn XP
 C = Spawn XP percentage of total XP
 D = Spawn monster count
 E = Non-spawn monster count
 F = Spawn count percentage of total count
 G = Total turns spent on level
                    A         B        C        D         E        F      G
               +---------+---------+-------+---------+---------+-------+---------
         Total |       0 |      61 |   0.0 |       0 |      26 |   0.0 |   702
               +---------+---------+-------+---------+---------+-------+---------
           D:1 |       0 |      41 |   0.0 |       0 |      22 |   0.0 |   687
           D:2 |       0 |      20 |   0.0 |       0 |       4 |   0.0 |    15
               +---------+---------+-------+---------+---------+-------+---------
